 Dungeon Sprint DCSS version 0.31-a0-1612-g4aaf141004 (webtiles) character file.

Game seed: 3059231522626739662

7300000 Colgate the Axe Maniac (level 27, -84/266 HPs)
             Began as a Demonspawn Chaos Knight on Jan 9, 2024.
             Was the Champion of Makhleb.
             Annihilated by a destroyer
             ... wielding a +9 heavy great sword
              (204 damage)
             ... in the Dungeon (Sprint VIII: "Arena of Blood").
             The game lasted 00:06:10 (73 turns).

Colgate the Axe Maniac (Demonspawn Chaos Knight)      Turns: 73, Time: 00:06:10

Health: -84/266    AC: 11    Str: 16    XL:     27
Magic:  29/54      EV: 34    Int: 14    God:    Makhleb [******]
Gold:   0          SH:  0    Dex: 22    Spells: 80/80 levels left

rFire   . . .        i - +∞ Axe of Woe
rCold   . . .        (shield currently unavailable)
rNeg    . . .        a - +2 leather armour
rPois   .            (no helmet)
rElec   .            (no cloak)
rCorr   .            (gloves unavailable)
SInv    .            (no boots)
Will    ++...        (no amulet)
Stlth   ++++++++++   (no ring)
HPRegen 10.64/turn   (no ring)
MPRegen 0.34/turn

%: no teleportation
@: slowed, very slow
A: claws 3, rugged brown scales 3, foul stench 3, powered by death 3,
augmentation 3
a: Renounce Religion, Minor Destruction, Lesser Servant of Makhleb, Major
Destruction, Greater Servant of Makhleb


You were in the Dungeon.
You worshipped Makhleb.
Makhleb was exalted by your worship.
You visited 1 branch

Inventory:

Hand Weapons
 i - the +∞ Axe of Woe (weapon)
   (You found it in the Dungeon)
Armour
 a - a +2 leather armour (worn)
Scrolls
 b - a scroll of butterflies
 h - a scroll of blinking {@r4}
Potions
 c - a potion of curing {@q1}
 d - a potion of heal wounds {@q2}
 e - a potion of haste {@q4}
 f - 2 potions of magic
 g - a potion of berserk rage


   Skills:
 O Level 27 Fighting
 O Level 27 Short Blades
 O Level 27 Long Blades
 O Level 27 Axes
 O Level 27 Maces & Flails
 O Level 27 Polearms
 O Level 27 Staves
 O Level 27 Ranged Weapons
 O Level 27 Throwing
 O Level 27 Armour
 O Level 27 Dodging
 O Level 27 Stealth
 O Level 27 Shields
 O Level 27 Unarmed Combat
 O Level 27 Spellcasting
 O Level 27 Conjurations
 O Level 27 Hexes
 O Level 27 Summonings
 O Level 27 Necromancy
 O Level 27 Translocations
 O Level 27 Fire Magic
 O Level 27 Ice Magic
 O Level 27 Air Magic
 O Level 27 Earth Magic
 O Level 27 Alchemy
 O Level 27 Invocations
 O Level 27 Evocations
 O Level 27 Shapeshifting


You had 80 spell levels left.
You didn't know any spells.
Your spell library was empty.

Dungeon Overview and Level Annotations

Branches:
Dungeon (1/1)

Altars:
Makhleb


Innate Abilities, Weirdness & Mutations

You have claws for hands.
You are completely covered in rugged brown scales. (AC +3, +7% HP)
You frequently emit foul miasma when damaged in melee.
You regenerate a lot of health from kills.
Your magical and physical power is greatly enhanced at high health.


Message History

Something smites you!
A meat beast comes into view.
The meat berserker moves out of view.
The meat beast roars!
You slice the meat beast!!
You butcher the meat beast messily.
You kill the meat beast!
Makhleb accepts your kill.
You feel better.
You hit the dread but do no damage. You chop the dread into pieces.
You destroy the dread!
Makhleb accepts your kill.
You feel better.
You slice the sculptor of flesh!!
You fatally mangle the sculptor of flesh.
You destroy the sculptor of flesh!
Makhleb accepts your kill.
You are engulfed in blazing flames.
You hear a shout!
The tyrant gestures wildly while chanting.
The eight-headed meat hydra calls on the powers of darkness!
The eight-headed meat hydra convulses!
The bag of meat convulses!
Your body is wracked with pain!
The destroyer is engulfed in blazing flames.
The destroyer gestures at you while chanting.
The destroyer blinks!
The meat beast is engulfed in blazing flames.
The meat beast completely misses you. x2
A dread comes into view.
You are too injured to fight recklessly!
A sculptor of flesh, an accursed, 2 ogres and 2 bags of meat come into view.
You are engulfed in blazing flames.
The meat beast is engulfed in blazing flames.
The meat beast completely misses you. x2
The meat beast is engulfed in blazing flames.
The meat beast bites you. The meat beast tramples you!
You hold your ground!
The tyrant mumbles some strange words.
The tyrant seems to speed up.
The destroyer is engulfed in blazing flames.
The destroyer hits you with a +9 heavy great sword!!!!!
Ouch! That really hurt!
You die...

......Xo.O..
...#...XXLX...#.
...#.........o..
##...#.....XM.....
....o.#............
.§..D.......O..z...
#.......V§2O...o...
.#......2@#..o.o..#
....#.)§)§#.......#
#W...)§###)...OO.###.
......))°ozo.###......
.....#.§)o)).._......
...#.O...))#.....#.
#...M......#_.<._#
..O#.......#.....#
..V.#.....O.._O.....


You could see 2 accurseds, a tentacled monstrosity (summoned), 2 meat beasts, a
tyrant (fast), an eight-headed meat hydra, a destroyer, a sculptor of flesh
(wandering), 2 large bags of meat, 4 large abominations, a dread (wandering), 2
meat berserkers and 4 bags of meat.

Vanquished Creatures
  5 hell beasts (D)
  2 royal mummies (D)
  A wraith (D)
  9 vampire knights (D)
  25 ogres (D)
  6 two-headed ogres (D)
  A lich (D)
  102 orcs (D)
  6 skeletal warriors (D)
157 creatures vanquished.

Notes
Turn   | Place    | Note
-------+----------+-------------------------------------------
     0 | D        | Found the +∞ Axe of Woe
     0 | D        | Colgate the Demonspawn Chaos Knight began the quest for the
                  | Orb.
     0 | D        | Reached XP level 1. HP: 18/18 MP: 1/1
     1 | D        | Noticed a meat berserker
     3 | D        | Fell from the grace of Xom
     3 | D        | Became a worshipper of Makhleb the Destroyer
     4 | D        | Noticed a bag of meat
     5 | D        | Killed a meat berserker
     6 | D        | Gained mutation: You regenerate a little health from kills.
                  | [demonic ancestry]
     6 | D        | Reached XP level 2. HP: 24/24 MP: 2/2
     6 | D        | Gained mutation: You are partially covered in rugged brown
                  | scales. (AC +1, +3% HP) [demonic ancestry]
     6 | D        | Reached XP level 3. HP: 24/29 MP: 3/3
     6 | D        | Gained mutation: You may rarely emit foul miasma when
                  | damaged in melee. [demonic ancestry]
     6 | D        | Reached XP level 4. HP: 30/36 MP: 4/4
     6 | D        | Gained mutation: You have sharp fingernails. [demonic
                  | ancestry]
     6 | D        | Reached XP level 5. HP: 35/42 MP: 5/5
     6 | D        | Reached XP level 6. HP: 40/48 MP: 6/6
     6 | D        | Reached XP level 7. HP: 45/53 MP: 7/7
     6 | D        | Reached XP level 8. HP: 50/59 MP: 8/8
     6 | D        | Gained mutation: You are mostly covered in rugged brown
                  | scales. (AC +2, +5% HP) [demonic ancestry]
     6 | D        | Reached XP level 9. HP: 50/66 MP: 9/9
     6 | D        | Reached XP level 10. HP: 55/73 MP: 10/10
     6 | D        | Gained mutation: You sometimes emit foul miasma when
                  | damaged in melee. [demonic ancestry]
     6 | D        | Reached XP level 11. HP: 59/78 MP: 11/11
     6 | D        | Noticed a bag of meat
     6 | D        | Noticed a bag of meat
     6 | D        | Noticed a bag of meat
     6 | D        | Noticed a bag of meat
     6 | D        | Noticed a bag of meat
     7 | D        | Killed a bag of meat
     7 | D        | Reached * piety under Makhleb
     7 | D        | Noticed a bag of meat
     8 | D        | Reached skill level 27 in Axes
     8 | D        | Reached XP level 12. HP: 80/105 MP: 12/12
     8 | D        | Noticed a meat berserker
     9 | D        | Killed a bag of meat
     9 | D        | Noticed a bag of meat
     9 | D        | Noticed a bag of meat
    10 | D        | Gained mutation: You regenerate health from kills. [demonic
                  | ancestry]
    10 | D        | Reached XP level 13. HP: 86/111 MP: 13/13
    10 | D        | Noticed a bag of meat
    10 | D        | Noticed a meat berserker
    10 | D        | Noticed a bag of meat
    11 | D        | Killed a bag of meat
    11 | D        | Killed a bag of meat
    11 | D        | Reached ** piety under Makhleb
    12 | D        | Killed a bag of meat
    13 | D        | Reached skill level 15 in Fighting
    13 | D        | Gained mutation: You are completely covered in rugged brown
                  | scales. (AC +3, +7% HP) [demonic ancestry]
    13 | D        | Reached XP level 14. HP: 121/131 MP: 14/14
    13 | D        | Noticed a bag of meat
    13 | D        | Noticed a bag of meat
    13 | D        | Noticed a bag of meat
    14 | D        | Killed a bag of meat
    14 | D        | Noticed a bag of meat
    15 | D        | Killed a meat berserker
    15 | D        | Reached *** piety under Makhleb
    15 | D        | Killed a meat berserker
    15 | D        | Noticed a bag of meat
    15 | D        | Noticed a bag of meat
    15 | D        | Noticed a bag of meat
    15 | D        | Noticed a bag of meat
    15 | D        | Noticed a bag of meat
    16 | D        | Reached XP level 15. HP: 169/169 MP: 15/15
    16 | D        | Noticed a meat berserker
    16 | D        | Noticed a meat berserker
    17 | D        | Reached skill level 27 in Fighting
    17 | D        | Reached **** piety under Makhleb
    17 | D        | Noticed a meat berserker
    18 | D        | Noticed a meat berserker
    20 | D        | Reached XP level 16. HP: 178/178 MP: 16/16
    20 | D        | Noticed a meat berserker
    20 | D        | Noticed a meat berserker
    20 | D        | Noticed a meat berserker
    21 | D        | Noticed a meat berserker
    21 | D        | Noticed a destroyer
    21 | D        | Noticed a large bag of meat
    22 | D        | Killed a meat berserker
    23 | D        | Reached skill level 27 in Dodging
    23 | D        | Killed a meat berserker
    23 | D        | Reached ***** piety under Makhleb
    23 | D        | Noticed a destroyer
    24 | D        | Noticed a meat berserker
    24 | D        | Killed a meat berserker
    24 | D        | Killed a meat berserker
    24 | D        | Noticed a meat berserker
    25 | D        | Reached skill level 27 in Invocations
    25 | D        | Reached XP level 17. HP: 186/186 MP: 16/39
    25 | D        | Killed a meat berserker
    25 | D        | Noticed a meat berserker
    25 | D        | Noticed a meat berserker
    26 | D        | Killed a meat berserker
    26 | D        | Noticed a large bag of meat
    27 | D        | Gained mutation: You have very sharp fingernails. [demonic
                  | ancestry]
    27 | D        | Reached XP level 18. HP: 194/194 MP: 16/48
    27 | D        | Killed a meat berserker
    27 | D        | Killed a destroyer
    27 | D        | Reached ****** piety under Makhleb
    27 | D        | Killed a destroyer
    28 | D        | Reached skill level 27 in Spellcasting
    28 | D        | Gained mutation: You frequently emit foul miasma when
                  | damaged in melee. [demonic ancestry]
    28 | D        | Reached XP level 19. HP: 202/202 MP: 16/50
    28 | D        | Noticed a meat berserker
    29 | D        | Reached skill level 27 in Unarmed Combat
    30 | D        | Killed a large bag of meat
    30 | D        | Killed a meat berserker
    30 | D        | Noticed a meat berserker
    31 | D        | Reached skill level 27 in Armour
    31 | D        | Reached XP level 20. HP: 192/210 MP: 17/51
    31 | D        | Killed a meat berserker
    31 | D        | Killed a meat berserker
    31 | D        | Noticed a meat berserker
    32 | D        | Killed a meat berserker
    32 | D        | Noticed a destroyer
    33 | D        | Reached skill level 10 in Necromancy
    33 | D        | Reached XP level 21. HP: 217/218 MP: 18/52
    34 | D        | Reached skill level 10 in Stealth
    34 | D        | Reached skill level 10 in Conjurations
    34 | D        | Reached skill level 10 in Hexes
    34 | D        | Reached skill level 10 in Summonings
    34 | D        | Reached skill level 10 in Alchemy
    34 | D        | Reached skill level 10 in Evocations
    35 | D        | Reached skill level 10 in Short Blades
    35 | D        | Reached skill level 10 in Throwing
    35 | D        | Reached skill level 10 in Shields
    35 | D        | Reached skill level 10 in Translocations
    35 | D        | Reached skill level 10 in Fire Magic
    35 | D        | Reached skill level 10 in Ice Magic
    35 | D        | Reached skill level 10 in Air Magic
    35 | D        | Reached skill level 10 in Earth Magic
    35 | D        | Noticed a destroyer
    36 | D        | Reached skill level 10 in Long Blades
    36 | D        | Reached skill level 10 in Maces & Flails
    36 | D        | Reached skill level 10 in Polearms
    36 | D        | Reached skill level 10 in Staves
    36 | D        | Reached skill level 10 in Ranged Weapons
    36 | D        | Reached skill level 10 in Shapeshifting
    36 | D        | Reached XP level 22. HP: 226/226 MP: 18/53
    37 | D        | Noticed a large bag of meat
    38 | D        | Reached skill level 15 in Necromancy
    39 | D        | Gained mutation: You regenerate a lot of health from kills.
                  | [demonic ancestry]
    39 | D        | Reached XP level 23. HP: 228/234 MP: 19/54
    39 | D        | Killed a destroyer
    40 | D        | Reached skill level 15 in Short Blades
    40 | D        | Reached skill level 15 in Throwing
    40 | D        | Reached skill level 15 in Shields
    40 | D        | Reached skill level 15 in Translocations
    40 | D        | Reached skill level 15 in Fire Magic
    40 | D        | Reached skill level 15 in Ice Magic
    40 | D        | Reached skill level 15 in Air Magic
    40 | D        | Reached skill level 15 in Earth Magic
    40 | D        | Noticed a large bag of meat
    40 | D        | Noticed a destroyer
    41 | D        | Noticed a destroyer
    42 | D        | Gained mutation: You have claws for hands. [demonic
                  | ancestry]
    42 | D        | Reached XP level 24. HP: 242/242 MP: 20/54
    42 | D        | Noticed a large bag of meat
    43 | D        | Reached skill level 15 in Long Blades
    43 | D        | Reached skill level 15 in Maces & Flails
    43 | D        | Reached skill level 15 in Polearms
    43 | D        | Reached skill level 15 in Staves
    43 | D        | Reached skill level 15 in Ranged Weapons
    43 | D        | Reached skill level 15 in Shapeshifting
    43 | D        | Noticed a destroyer
    43 | D        | Killed a destroyer
    45 | D        | Killed a large bag of meat
    45 | D        | Noticed a destroyer
    45 | D        | Noticed a destroyer
    46 | D        | Gained mutation: Your magical and physical power is
                  | slightly enhanced at high health. [demonic ancestry]
    46 | D        | Reached XP level 25. HP: 225/250 MP: 21/54
    46 | D        | Noticed an accursed
    46 | D        | Killed a destroyer
    46 | D        | Killed a large bag of meat
    47 | D        | Noticed a large bag of meat
    50 | D        | Gained mutation: Your magical and physical power is
                  | enhanced at high health. [demonic ancestry]
    50 | D        | Reached XP level 26. HP: 243/258 MP: 22/54
    51 | D        | Killed a destroyer
    54 | D        | Killed a large bag of meat
    55 | D        | Noticed a tyrant
    57 | D        | Gained mutation: Your magical and physical power is greatly
                  | enhanced at high health. [demonic ancestry]
    57 | D        | Reached XP level 27. HP: 257/266 MP: 24/54
    57 | D        | Noticed an accursed
    58 | D        | Noticed a destroyer
    59 | D        | Reached skill level 27 in Stealth
    59 | D        | Noticed a meat beast
    59 | D        | Noticed a meat beast
    60 | D        | Killed a destroyer
    61 | D        | Killed an accursed
    63 | D        | Reached skill level 27 in Necromancy
    63 | D        | Killed a large bag of meat
    64 | D        | Killed an accursed
    64 | D        | Killed a meat beast
    64 | D        | Noticed a large bag of meat
    65 | D        | Killed a large bag of meat
    65 | D        | Killed a tyrant
    65 | D        | Killed a meat beast
    65 | D        | Noticed a dread
    66 | D        | Reached skill level 27 in Conjurations
    66 | D        | Reached skill level 27 in Hexes
    66 | D        | Reached skill level 27 in Summonings
    66 | D        | Reached skill level 27 in Alchemy
    66 | D        | Reached skill level 27 in Evocations
    67 | D        | Killed a destroyer
    68 | D        | Noticed a meat beast
    68 | D        | Killed a meat beast
    68 | D        | Noticed a meat beast
    68 | D        | Noticed an accursed
    69 | D        | Reached skill level 27 in Short Blades
    69 | D        | Reached skill level 27 in Throwing
    69 | D        | Reached skill level 27 in Shields
    69 | D        | Reached skill level 27 in Translocations
    69 | D        | Reached skill level 27 in Fire Magic
    69 | D        | Reached skill level 27 in Ice Magic
    69 | D        | Reached skill level 27 in Air Magic
    69 | D        | Reached skill level 27 in Earth Magic
    69 | D        | Noticed a meat beast
    70 | D        | Killed a destroyer
    70 | D        | Noticed a meat beast
    71 | D        | Reached skill level 27 in Long Blades
    71 | D        | Reached skill level 27 in Maces & Flails
    71 | D        | Reached skill level 27 in Polearms
    71 | D        | Reached skill level 27 in Staves
    71 | D        | Reached skill level 27 in Ranged Weapons
    71 | D        | Reached skill level 27 in Shapeshifting
    71 | D        | Killed a meat beast
    71 | D        | Noticed a tyrant
    71 | D        | Noticed a meat beast
    72 | D        | Killed a meat beast
    72 | D        | Killed a dread
    72 | D        | Noticed a dread
    73 | D        | Noticed an accursed
    73 | D        | Noticed a large bag of meat
    73 | D        | Annihilated by a destroyer

Illustrated notes

Levels and vault maps discovered:
D:        meatsprint

Skill      XL: |  1  2  3  4  5  6  7  8  9 10 11 12 13 14 15 16 17 18 19 20 21 22 23 24 25 26 27 |
---------------+----------------------------------------------------------------------------------+-----
Axes           | 26 27 | 27.0
Fighting       | 11 15 26 27 | 27.0
Dodging        | 11 18 25 27 | 27.0
Invocations    | 27 | 27.0
Spellcasting   | 18 26 27 | 27.0
Armour         | 14 27 | 27.0
Unarmed Combat | 24 27 | 27.0
Short Blades   | 8 11 13 16 18 20 21 27 | 27.0
Long Blades    | 7 10 12 14 16 18 19 27 | 27.0
Maces & Flails | 7 10 12 14 16 18 19 27 | 27.0
Polearms       | 7 10 12 14 16 18 19 27 | 27.0
Staves         | 7 10 12 14 16 18 19 27 | 27.0
Ranged Weapons | 7 10 12 14 16 18 19 27 | 27.0
Throwing       | 8 11 13 16 18 20 21 27 | 27.0
Stealth        | 9 12 14 17 20 21 23 27 | 27.0
Shields        | 8 11 13 16 18 20 21 27 | 27.0
Conjurations   | 9 12 14 17 20 21 23 27 | 27.0
Hexes          | 9 12 14 17 20 21 23 27 | 27.0
Summonings     | 9 12 14 17 20 21 23 27 | 27.0
Necromancy     | 10 13 16 18 21 23 25 27 | 27.0
Translocations | 8 11 13 16 18 20 21 27 | 27.0
Fire Magic     | 8 11 13 16 18 20 21 27 | 27.0
Ice Magic      | 8 11 13 16 18 20 21 27 | 27.0
Air Magic      | 8 11 13 16 18 20 21 27 | 27.0
Earth Magic    | 8 11 13 16 18 20 21 27 | 27.0
Alchemy        | 9 12 14 17 20 21 23 27 | 27.0
Evocations     | 9 12 14 17 20 21 23 27 | 27.0
Shapeshifting  | 7 10 12 14 17 18 20 27 | 27.0

Action                     |  1- 3 |  4- 6 |  7- 9 | 10-12 | 13-15 | 16-18 | 19-21 | 22-24 | 25-27 || total
---------------------------+-------+-------+-------+-------+-------+-------+-------+-------+-------++-------
  Melee: Executioner's axe |     1 |       |       |     2 |     8 |     6 |     7 |    10 |    24 ||    58
 Invoke: Greater Servant o |       |       |       |       |       |       |       |       |     1 ||     1
 Armour: Leather armour    |       |       |       |       |       |       |     9 |    11 |    40 ||    60
  Dodge: Dodged            |       |       |       |       |       |       |       |       |     9 ||     9

Table legend: (Time is in decaauts)
 A = Elapsed time spent in this place.
 B = Non-inter-level travel time spent in this place.
 C = Inter-level travel time spent in this place.
 D = Time resting spent in this place.
 E = Time spent auto-exploring this place.
 F = Levels seen in this place.
 G = Mean time per level.
                   A        B        C        D        E       F      G
               +--------+--------+--------+--------+--------+-----+--------+
         Total |     60 |     60 |      0 |      0 |      0 |   1 |   60.0 |
       Dungeon |     60 |     60 |      0 |      0 |      0 |   1 |   60.0 |
               +--------+--------+--------+--------+--------+-----+--------+

Top non-repeatable levels by time:
       D: 60 daAuts
